 Dungeon Crawl Stone Soup version 0.20.1-1-g8b1a95d (webtiles) character file.

123 letownia2 the Grave Robber (level 4, -1/36 HPs)
             Began as a Deep Dwarf Necromancer on Dec 27, 2017.
             Killed by nerve-wracking pain
             ... invoked by letownia2's ghost
              (8 damage)
             ... on level 4 of the Dungeon.
             The game lasted 00:06:40 (2137 turns).

letownia2 the Grave Robber (Deep Dwarf Necromancer) Turns: 2137, Time: 00:06:41

Health: -1/36      AC:  5    Str: 12    XL:     4   Next: 80%
Magic:  3/7        EV: 11    Int: 16    God:
Gold:   135        SH:  0    Dex: 13    Spells: 3/7 levels left

rFire    . . .     SeeInvis .   o - +0 dagger
rCold    + . .     Gourm    .   (no shield)
rNeg     . . .     Faith    .   f - +0 ring mail
rPois    .         Spirit   .   (no helmet)
rElec    .         Reflect  .   (no cloak)
rCorr    .         Harm     .   (no gloves)
MR       .....                  (no boots)
Stlth    +.........             (no amulet)
Regen    0.0/turn               q - ring of protection from cold
MPRegen  0.1/turn               (no ring)

@: non-regenerating
A: damage resistance, heal wounds, sense surroundings 1, no regeneration
a: Heal Wounds


You were on level 4 of the Dungeon.
You were not hungry.

You visited 1 branch of the dungeon, and saw 4 of its levels.

You collected 135 gold pieces.

Inventory:

Hand Weapons
 o - a +0 dagger (weapon)
Armour
 a - a +0 robe
 f - a +0 ring mail (worn)
Jewellery
 q - a ring of protection from cold (left hand)
Wands
 h - a wand of digging (18/24)
Scrolls
 d - 4 scrolls of identify {unknown}
 j - a scroll of magic mapping {unknown}
 k - 3 scrolls of fear {unknown}
 l - a scroll of enchant armour {unknown}
 n - 2 scrolls of teleportation {unknown}
 r - a scroll of immolation {unknown}
 t - a scroll of enchant weapon {unknown}
 u - a scroll of remove curse {unknown}
Potions
 e - 3 potions of lignification {unknown}
 i - a potion of might {unknown}
 p - a potion of haste {unknown}
Books
 b - a book of Necromancy

   Spells                             Type                      Level
   a - Pain                           Necromancy                   1
   b - Animate Skeleton               Necromancy                   1
   c - Vampiric Draining              Necromancy                   3
   d - Regeneration                   Charms/Necromancy            3
   e - Animate Dead                   Necromancy                   4
   f - Control Undead                 Necromancy                   4
Comestibles
 c - 2 bread rations
 g - 2 royal jellies
 m - a meat ration
 s - 4 fruits


   Skills:
 - Level 2.1 Dodging
 - Level 2.4 Stealth
 - Level 2.1 Spellcasting
 + Level 6.6 Necromancy


You had 3 spell levels left.
You knew the following spells:

 Your Spells              Type           Power        Failure   Level  Hunger
a - Pain                  Necr           ###.         3%          1    #......
v - Vampiric Draining     Necr           ###.......   9%          3    ###....


Dungeon Overview and Level Annotations

Branches:
Dungeon (4/15)
 Temple: D:4-7

Altars:
Cheibriados
Elyvilon
Fedhas
Hepliaklqana
Kikubaaqudgha
Sif Muna
The Shining One

Annotations:
D:3 Grinder
D:4 letownia2's ghost, amateur DDNe


Innate Abilities, Weirdness & Mutations

You are resistant to damage.
You can heal yourself by infusing magical energy.
You passively map a small area around you.
You do not regenerate.


Message History

Casting: Pain
Confirm with . or Enter, or press ? or * to list all spells.
Aiming: Vampiric Draining
Press: ? - help, Shift-Dir - straight line, f/p - ogre
Aim: an ogre, wielding a giant club (lightly wounded)
The ogre is heavily wounded.
You feel life coursing into your body. The ogre barely misses you.
You see here 12 arrows.
Letownia2's ghost (amateur Deep Dwarf Necromancer) comes into view.
Letownia2's ghost turns its malevolent gaze towards you.
Letownia2's ghost whispers, "Meet the emptiness of death!"
An orc wizard comes into view. It is wielding a dagger.
Letownia2's ghost keens inconsolably.
Letownia2's ghost gestures at you while chanting.
Pain shoots through your body!
* * * LOW HITPOINT WARNING * * *
An orc comes into view. It is wielding a hand axe.
Letownia2's ghost points at you and mumbles some strange words.
Pain shoots through your body!
You die...

###### * ...... , , * * ####
......, , ,, .... ..### , *#..#**
* * ..# *o# #..# ,* ..####'#.#..
* #..# , ..##.....##. #..# , ,
..##.....##.,#######..# .# #
..##.....#.. #<.@.WO..# .# .#
..##.....#..########..# ###.##.#
..##.....#......OW.#..###......#
..##.....###.#####.#O...#......#
.###..................#.#......#
.(........##.####.###.#+#......#
..........##.####..............#
..........'....######..รท.......#
..........###..# #..........#


You could see an ogre and letownia2's ghost.

Vanquished Creatures
  An iguana (D:4)
  6 adders
  2 orcs
  2 ball pythons
  3 giant cockroaches (D:3)
  3 goblins
  4 hobgoblins
  2 jackals (D:2)
  4 kobolds
  9 bats
  A frilled lizard (D:2)
  10 rats
47 creatures vanquished.

Notes
Turn   | Place    | Note
-------+----------+-------------------------------------------
     0 | D:1      | letownia2 the Deep Dwarf Necromancer began the quest for the Orb.
     0 | D:1      | Reached XP level 1. HP: 15/15 MP: 3/3
   257 | D:2      | Reached XP level 2. HP: 5/22 MP: 0/5
   389 | D:2      | Reached skill level 5 in Necromancy
   653 | D:2      | Reached XP level 3. HP: 7/28 MP: 1/6
   658 | D:2      | Learned a level 3 spell: Vampiric Draining
   869 | D:2      | Found an ancient bone altar of Kikubaaqudgha.
  1302 | D:3      | Found a blossoming altar of Fedhas.
  1302 | D:3      | Noticed Grinder
  1502 | D:3      | Found a hazy altar of Hepliaklqana.
  1502 | D:3      | Found a white marble altar of Elyvilon.
  1502 | D:3      | Found a snail-covered altar of Cheibriados.
  1507 | D:3      | Reached skill level 6 in Necromancy
  1507 | D:3      | Reached XP level 4. HP: 30/36 MP: 3/7
  1517 | D:3      | Found a deep blue altar of Sif Muna.
  1517 | D:3      | Found a glowing golden altar of the Shining One.
  2088 | D:4      | Noticed an ogre
  2114 | D:4      | Noticed letownia2's ghost (amateur DDNe)
  2137 | D:4      | Killed from afar by letownia2's ghost

Skill      XL: |  1  2  3 |
---------------+----------+-----
Spellcasting   | 2 |  2.1
Necromancy     | 5 6 |  6.6
Dodging        | |  2.1
Stealth        | |  2.4

Action                   |  1- 3 |  4- 6 || total
-------------------------+-------+-------++-------
Melee: Unarmed           |    35 |       ||    35
       Dagger            |       |     4 ||     4
 Cast: Pain              |    45 |    29 ||    74
       Vampiric Draining |    13 |     3 ||    16
  Eat: Chunk             |     4 |     3 ||     7
Armor: Robe              |     3 |       ||     3
       Ring mail         |    33 |     2 ||    35
Dodge: Dodged            |    72 |    10 ||    82
